 Dungeon Crawl Stone Soup version 0.25.1-2-g60ff931df9 (webtiles) character file.

Game seed: 1365178859525000060

1087 sankara the Chucker (level 8, 0/80 HPs)
             Began as an Ogre Hunter on Sept 1, 2020.
             Slain by an iguana (5 damage)
             ... on level 5 of the Dungeon.
             The game lasted 00:27:33 (9523 turns).

sankara the Chucker (Ogre Hunter)                   Turns: 9523, Time: 00:27:34

Health: 0/80       AC:  3    Str: 17 (18) XL:     8   Next: 30%
Magic:  8/8        EV: 10    Int: 10 (12) God:
Gold:   262        SH:  0    Dex:  7 (10) Spells: 7/7 levels left

rFire    + . .     SeeInvis +   a - +0 whip
rCold    . . .     Gourm    .   (no shield)
rNeg     . . .     Faith    .   b - +0 robe
rPois    .         Spirit   .   (helmet restricted)
rElec    .         Reflect  .   (no cloak)
rCorr    .         Harm     .   (gloves unavailable)
MR       .....                  (boots unavailable)
Stlth    +.........             (no amulet)
HPRegen  0.23/turn              n - ring of see invisible
MPRegen  0.11/turn              s - ring of protection from fire

@: mighty
A: large, unfitting armour, tough skin 1
a: no special abilities


You were on level 5 of the Dungeon.
You were not hungry.

You visited 1 branch of the dungeon, and saw 5 of its levels.

You collected 262 gold pieces.

Inventory:

Hand Weapons
 a - a +0 whip (weapon)
 c - a +4 dagger
 e - a +0 short sword
 g - a +0 giant spiked club
 p - a +0 hand axe
 A - a +0 mace
 D - a +0 dagger
 K - a +0 dagger of speed
Missiles
 d - 4 throwing nets
 h - 140 stones
 i - 34 sling bullets
 v - 5 boomerangs (quivered)
Armour
 b - a +0 robe (worn)
Magical Staves
 E - an uncursed staff of summoning {unknown}
Jewellery
 n - a ring of see invisible (left hand)
 o - an uncursed ring of wizardry
 s - a ring of protection from fire (right hand)
 z - an uncursed amulet of regeneration {unknown}
 F - an uncursed amulet of the acrobat {unknown}
Wands
 y - a wand of iceblast (5)
 B - a wand of polymorph (10)
Scrolls
 j - 6 scrolls of teleportation {unknown}
 k - 13 scrolls of identify {unknown}
 l - a scroll of noise {unknown}
 m - 2 scrolls of enchant weapon {unknown}
 q - 2 scrolls of amnesia {unknown}
 r - 2 scrolls of enchant armour {unknown}
 u - a scroll of vulnerability {unknown}
 x - 2 scrolls of fear {unknown}
 G - 4 scrolls of remove curse {unknown}
Potions
 t - a potion of degeneration
 C - 2 potions of brilliance {unknown}
 H - 2 potions of haste {unknown}
 J - a potion of magic {unknown}
Comestibles
 f - 8 rations


   Skills:
 - Level 5.0 Fighting
 * Level 5.5 Maces & Flails
 + Level 7.0 Throwing
 - Level 3.0 Dodging
 - Level 0.6 Stealth


You had 7 spell levels left.
You didn't know any spells.
Your spell library contained the following spells:

 Spells                   Type           Power        Failure   Level  Hunger
 Magic Dart               Conj           #...         36%         1    ##.....
 Summon Small Mammal      Summ           #...         36%         1    ##.....
 Blink                    Tloc           N/A          50%         2    ###....
 Call Imp                 Summ           #.......     50%         2    ###....
 Slow                     Hex            #.......     50%         2    ###....
 Call Canine Familiar     Summ           #.......     75%         3    ####...
 Conjure Flame            Conj/Fire      #.......     75%         3    ####...
 Mephitic Cloud           Conj/Pois/Air  #.......     75%         3    ####...
 Summon Guardian Golem    Hex/Summ       #.......     75%         3    ####...
 Summon Ice Beast         Ice/Summ       #.......     98%         4    #####..
 Summon Lightning Spire   Summ/Air       #.......     98%         4    #####..


Dungeon Overview and Level Annotations

Branches:
Dungeon (5/15)
 Temple: D:4-7

Altars:
Kikubaaqudgha

Shops:
D:5 *

Annotations:
D:3 Grinder


Innate Abilities, Weirdness & Mutations

You are too large for most types of armour.
You have tough skin. (AC +1)


Message History

Throwing (i - inventory. (/) - cycle)
v - 5 boomerangs (quivered)
Press: ? - help, Shift-Dir - straight line, f/p - iguana
Aim: an iguana
Okay, then.
It was a potion of degeneration.
There was something very wrong with that liquid.
You feel weakened.
You feel dopey.
You feel clumsy. The iguana bites you!
* * * LOW HITPOINT WARNING * * *
It was a potion of might.
You feel very mighty all of a sudden. The iguana bites you!
* * * LOW HITPOINT WARNING * * *
You barely miss the iguana. The iguana closely misses you.
You barely miss the iguana. The iguana bites you.
* * * LOW HITPOINT WARNING * * *
You hit the iguana.
The iguana is lightly wounded.
The iguana bites you.
You die...

.##...##.#....####...#
#.....###
.#..#####.#..#.##..###
#...#.# # ##...#
##.#..#.##..#
###.#.### #...##
##.#.....### ###......
##..# ##.......#
###...#.### ...##
##.....## .. ##..#.# #
...# ##....# .##
##..#.### ..##
##..##...# #........
..+ ##@l(.# #..<5.H..
.##### ######
###.##..# .....# #.#
.## .###..... ... ##
.# ### .... ####.#
...... .....# .......
###..# #........


You could see an iguana.

Vanquished Creatures
  A sky beast (D:5)
  A phantom (D:4)
  3 ogres
  A crimson imp (D:5)
  A bullfrog skeleton (D:5)
  An orc priest (D:4)
  5 orc wizards
  An iguana (D:4)
  3 worker ants (D:4)
  A hound skeleton (D:4)
  A worker ant zombie (D:5)
  7 gnolls
  10 adders
  An ooze (D:1)
  An adder zombie (D:5)
  An adder skeleton (D:5)
  3 worms
  3 dart slugs
  5 leopard geckos
  21 orcs
  6 giant cockroaches
  9 goblins
  8 hobgoblins
  4 jackals (D:1)
  3 quokkas
  7 bats
  10 frilled lizards
  9 kobolds
  6 rats
133 creatures vanquished.

Notes
Turn   | Place    | Note
-------+----------+-------------------------------------------
     0 | D:1      | sankara the Ogre Hunter began the quest for the Orb.
     0 | D:1      | Reached XP level 1. HP: 22/22 MP: 1/1
   262 | D:1      | You fall into a shaft and drop 1 floor!
   317 | D:2      | Reached XP level 2. HP: 21/31 MP: 2/2
   817 | D:1      | Reached XP level 3. HP: 15/37 MP: 3/3
  2404 | D:2      | Reached XP level 4. HP: 36/45 MP: 4/4
  3095 | D:2      | Reached skill level 5 in Throwing
  4103 | D:2      | Reached XP level 5. HP: 45/54 MP: 5/5
  5595 | D:3      | Found a faded altar of an unknown god.
  5633 | D:3      | Noticed Grinder
  6135 | D:4      | Reached skill level 1 in Maces & Flails
  6135 | D:4      | Reached XP level 6. HP: 36/63 MP: 6/6
  7241 | D:4      | Found an ancient bone altar of Kikubaaqudgha.
  7333 | D:4      | Reached skill level 5 in Fighting
  7333 | D:4      | Reached skill level 6 in Throwing
  7333 | D:4      | Reached XP level 7. HP: 72/72 MP: 7/7
  8244 | D:5      | Entered Level 5 of the Dungeon
  8475 | D:5      | Found Huedeitz's General Store.
  8621 | D:5      | Noticed a hippogriff
  8858 | D:4      | HP: 1/72 [worker ant (8)]
  9486 | D:5      | Reached skill level 5 in Maces & Flails
  9486 | D:5      | Reached XP level 8. HP: 80/80 MP: 8/8
  9517 | D:5      | Reached skill level 7 in Throwing
  9523 | D:5      | Slain by an iguana

Illustrated notes

Levels and vault maps discovered:
D:1:      lemuel_arrival_tunnels, layout_basic, minmay_quantized
D:2:      layout_basic
D:3:      layout_loops_ring, chequers_ecumenical_altar_simple_redux,
          chequers_hall_statues_corner_a, hangedman_feature_mirror,
          minmay_joined_circles, uniq_grinder
D:4:      layout_basic, kennysheep_mini_moat
D:5:      minmay_razor_zed, layout_loops_ring, minmay_temple_entry_waves,
          first_ration, serial_shops,
          nicolae_shop_temple_entry_statues_fountains, chequers_avenue

Skill      XL: |  1  2  3  4  5  6  7  8 |
---------------+-------------------------+-----
Fighting       | 3 4 5 |  5.0
Dodging        | 2 3 |  3.0
Throwing       | 5 6 7 |  7.0
Maces & Flails | 1 2 5 |  5.5
Stealth        | |  0.6

Action                   |  1- 3 |  4- 6 |  7- 9 || total
-------------------------+-------+-------+-------++-------
Melee: Dagger            |   192 |   133 |       ||   325
       Short sword       |    16 |       |       ||    16
       Whip              |       |    61 |   169 ||   230
Throw: Large rock        |     8 |    34 |    17 ||    59
       Stone             |       |    98 |   116 ||   214
       Boomerang         |       |    12 |     8 ||    20
  Use: Potion            |       |     1 |     3 ||     4
 Stab: Sleeping          |       |     1 |     2 ||     3
  Eat: Chunk             |     4 |    15 |     6 ||    25
       Ration            |       |       |     1 ||     1
Armor: Robe              |    99 |    44 |    29 ||   172
Dodge: Dodged            |   167 |    93 |    72 ||   332
